 Dungeon Crawl Stone Soup version 0.32-a0-391-gce5c0aab1b (webtiles) character file.

Game seed: 18040263474922413250

21 shadowstone the Sneak (level 2, 0/22 HPs)
             Began as a Coglin Brigand on Feb 20, 2024.
             Was a Follower of Makhleb.
             Frozen to death by an endoplasm (4 damage)
             ... on level 1 of the Dungeon.
             The game lasted 00:01:37 (271 turns).

shadowstone the Sneak (Coglin Brigand)               Turns: 271, Time: 00:01:38

Health: 0/22       AC:  7    Str: 11    XL:     2   Next: 87%
Magic:  2/2        EV:  8    Int: 10    God:    Makhleb [*.....]
Gold:   0          SH:  0    Dex: 15    Spells: 1/1 levels left

rFire   . . .        a - +2 dagger {Kanlaya}
rCold   . . .        (no shield)
rNeg    . . .        i - +0 scale mail
rPois   .            (no helmet)
rElec   .            c - +0 cloak
rCorr   .            (no gloves)
SInv    .            (no boots)
Will    .....        (no amulet)
Stlth   +            (no ring)
HPRegen 0.23/turn    (no ring)
MPRegen 0.08/turn

%: no passive effects
@: revving, stiff-legged, very slow
A: off-hand wielding, slow wielding, warmup strikes, warmup strides
a: Renounce Religion


You were on level 1 of the Dungeon.
You worshipped Makhleb.
Makhleb was aware of your devotion.
You visited 1 branch of the dungeon, and saw 1 of its levels.

Inventory:

Hand Weapons
 a - a +2 dagger (weapon) {Kanlaya}
Missiles
 d - 9 poisoned darts (quivered)
 e - 3 curare-tipped darts
 k - 3 atropa-tipped darts
Armour
 b - a +0 robe
 c - a +0 cloak (worn)
 f - a +0 leather armour
 i - a +0 scale mail (worn)
Scrolls
 h - a scroll of immolation {unknown}
 j - a scroll of vulnerability {unknown}
Potions
 g - a potion of invisibility {unknown}


   Skills:
 + Level 2.2 Fighting
 + Level 1.9 Short Blades
 + Level 1.9 Throwing
 + Level 0.8 Dodging
 + Level 3.8 Stealth


You had one spell level left.
You didn't know any spells.
Your spell library was empty.

Dungeon Overview and Level Annotations

Branches:
Dungeon (1/15)

Altars:
Makhleb


Innate Abilities, Weirdness & Mutations

You can wield a second weapon in your off-hand.
It takes a long time for you to wield or remove held weapons.
Your first few attacks do less damage.
Your first movements take longer.


Message History

Things that are here:
a +0 dagger; a goblin corpse
Things that are here:
a +0 dagger; a goblin corpse An endoplasm and a hobgoblin come into view. 2 kobolds and a bat come into view.
A kobold is wielding a +0 whip of pain.
Found a stone staircase leading down.
The endoplasm quivers.
The kobold shouts!
The hobgoblin shouts!
A rat comes into view.
The bat hits you but does no damage. The kobold hits you but does no damage.
The rat squeaks loudly.
The kobold shouts!
You hit the bat.
The bat is moderately wounded.
The bat hits you but does no damage. The bat completely misses you.
The kobold hits you with a +0 whip of pain.
You writhe in agony.
The endoplasm freezes you.
You are frozen.
The kobold closely misses you.
You hit the bat but do no damage.
The bat is moderately wounded.
The bat hits you but does no damage.
The hobgoblin hits you but does no damage.
The endoplasm freezes you.
You are frozen.
The kobold hits you but does no damage.
You barely miss the kobold. The bat closely misses you.
The endoplasm hits you but does no damage.
The hobgoblin hits you.
The kobold hits you but does no damage. x2
You closely miss the kobold. The hobgoblin hits you.
The kobold hits you but does no damage. x2
The endoplasm freezes you.
You are frozen.
* * * LOW HITPOINT WARNING * * *
You closely miss the kobold. The hobgoblin hits you.
* * * LOW HITPOINT WARNING * * *
The rat barely misses you. The kobold hits you but does no damage.
The endoplasm freezes you.
You are frozen.
You die...

.. #. .# #.## .####
.... .....# ....##
.....# #...# ###.....#
#...# #........
#..###########KJ......
#.)...........@Kb..#
###..###########gr..#>#
........### #.....#
#.....#...## ##.......
#.....###..# #......
......####.### ######
.#######.....# .
#...#.#####
#.....)...#### #######


You could see an endoplasm, a hobgoblin, a bat, 2 kobolds and a rat.

Vanquished Creatures
  5 ball pythons (D:1)
  A giant cockroach (D:1)
  A hobgoblin (D:1)
  A kobold (D:1)
  A quokka (D:1)
  2 goblins (D:1)
11 creatures vanquished.

Notes
Turn   | Place    | Note
-------+----------+-------------------------------------------
     0 | D:1      | shadowstone the Coglin Brigand began the quest for the Orb.
     0 | D:1      | Reached XP level 1. HP: 16/16 MP: 1/1
    39 | D:1      | Found a faded altar of an unknown god.
    51 | D:1      | Prayed at the altar of an unknown god.
    51 | D:1      | Became a worshipper of Makhleb the Destroyer
    51 | D:1      | Reached * piety under Makhleb
   124 | D:1      | Reached XP level 2. HP: 22/22 MP: 2/2
   271 | D:1      | Frozen to death by an endoplasm

Illustrated notes

Levels and vault maps discovered:
D:1:      lightli_iron_boxes, layout_basic, basic_ecumenical_altar,
          serial_glass, glass_columns_c, glass_columns_a, st_stairs_14,
          amcnicky_mini_corridor_feature, minmay_misc_feat_tower,
          grunt_decor_arrowhead

Action                     || total
---------------------------++-------
  Melee: Dagger            ||    36
   Stab: Sleeping          ||     1
 Armour: Leather armour    ||     2
         Scale mail        ||    34
         Skin              ||     1
  Dodge: Dodged            ||    21

Table legend: (Time is in decaauts)
 A = Elapsed time spent in this place.
 B = Non-inter-level travel time spent in this place.
 C = Inter-level travel time spent in this place.
 D = Time resting spent in this place.
 E = Time spent auto-exploring this place.
 F = Levels seen in this place.
 G = Mean time per level.
                   A        B        C        D        E       F      G
               +--------+--------+--------+--------+--------+-----+--------+
         Total |    286 |    282 |      4 |      0 |     49 |   1 |  286.0 |
       Dungeon |    286 |    282 |      4 |      0 |     49 |   1 |  286.0 |
               +--------+--------+--------+--------+--------+-----+--------+

Top non-repeatable levels by time:
     D:1: 286 daAuts
